 Dungeon Crawl Stone Soup version 0.29-a0-870-g2c972031a6 (webtiles) character file.

Game seed: 964907362724779365

70 zeratav the Stinger (level 4, -4/27 HPs)
             Began as an Octopode Venom Mage on July 18, 2022.
             Killed by nerve-wracking pain
             ... invoked by Grinder
              (5 damage)
             ... on level 3 of the Dungeon.
             The game lasted 00:04:22 (2960 turns).

zeratav the Stinger (Octopode Venom Mage)           Turns: 2960, Time: 00:04:23

Health: -4/27      AC:  1    Str:  7    XL:     4   Next: 22%
Magic:  1/7        EV: 13    Int: 19    God:
Gold:   32         SH:  0    Dex: 12    Spells: 4/7 levels left

rFire   . . .      SeeInvis .   b - +1 dagger {short}
rCold   . . .      Faith    .   (no shield)
rNeg    . . .      Spirit   .   (helmet restricted)
rPois   .          Reflect  .   (no amulet)
rElec   .          Harm     .   (no ring)
rCorr   .          Rampage  .   (no ring)
Will    .....                   (no ring)
Stlth   ++++......              (no ring)
HPRegen 0.09/turn               (no ring)
MPRegen 0.10/turn               (no ring)
                                (no ring)
                                (no ring)

@: no status effects
A: almost no armour, amphibious, 8 rings, camouflage 1, gelatinous body 1,
(nimble swimmer 1), tentacles
a: no special abilities


You were on level 3 of the Dungeon.
You visited 1 branch of the dungeon, and saw 3 of its levels.

You collected 42 gold pieces.
You spent 10 gold pieces at shops.


Innate Abilities, Weirdness & Mutations

You cannot wear most types of armour.
You are amphibious.
You can wear up to eight rings at the same time.
Your skin changes colour to match your surroundings (Stealth+).
Your rubbery body absorbs attacks. (AC +1, EV +1)
((You are camouflaged when in or above water. (Stealth+)))
You have tentacles for arms and can constrict up to eight enemies at once.


   Skills:
 - Level 2.0 Dodging
 + Level 4.8 Stealth
 - Level 2.0 Spellcasting
 - Level 1.0 Transmutations
 + Level 4.9 Poison Magic


You had 4 spell levels left.
You knew the following spells:

 Your Spells              Type           Power      Damage    Failure   Level
a - Sting                 Tmut/Pois      52%        1d5       4%          1
b - Poisonous Vapours     Pois/Air       22%        N/A       10%         2

Your spell library contained the following spells:

 Spells                   Type           Power      Damage    Failure   Level
 Foxfire                  Conj/Fire      4%         2x1d4     17%         1
 Magic Dart               Conj           4%         1d3       17%         1
 Passwall                 Tmut/Erth      2%         N/A       21%         2
 Olgreb's Toxic Radiance  Pois           20%        N/A       22%         4
 Call Imp                 Summ           1%         N/A       26%         2
 Ensorcelled Hibernation  Hex/Ice        2%         N/A       26%         2
 Mephitic Cloud           Conj/Pois/Air  8%         N/A       26%         3
 Conjure Flame            Conj/Fire      1%         6-21      45%         3
 Inner Flame              Hex/Fire       1%         N/A       45%         3
 Swiftness                Air            1%         N/A       45%         3
 Vampiric Draining        Necr           1%         2d6       45%         3
 Flame Wave               Conj/Fire      1%         2d4       86%         4
 Summon Lightning Spire   Summ/Air       1%         N/A       86%         4
 Fireball                 Conj/Fire      0%         3d3       99%         5
 Iskenderun's Battlesphe  Conj           1%         2d6       99%         5
 Conjure Ball Lightning   Conj/Air       0%         3x3d6     100%        6
 Orb of Destruction       Conj           0%         9d5       100%        7
 Maxwell's Capacitive Co  Air            0%         ∞         100%        8

Inventory:

Hand Weapons
 b - a +1 dagger (weapon) {short}
   (You found it on level 1 of the Dungeon)
Scrolls
 c - a scroll of enchant armour {unknown}
 f - a scroll of enchant weapon
Potions
 a - a potion of magic
 g - a potion of lignification {unknown}
 h - a potion of haste {unknown}

Dungeon Overview and Level Annotations

Branches:
Dungeon (3/15) Zot: 15039

Altars:

Shops:
D:1 **!

Annotations:
D:3 exclusion: ice beast, Grinder

#############......
#########..........5.......
##.........#....#######.##..
##..(..######....# ##....#
#####.......##
#...)###..####
....>.###....# #....#...##
####### ####.## #......###
#...##5....##
####.#..@....##
......$......#
######..#....# #...#####
....# ##.#.Y #.#... #. .##
#. .#


You could see Grinder (very poisoned).


Message History

MASSIVE DAMAGE!! (PAUSE)
Casting: Sting (safe; 4% risk of failure)
Confirm with . or Enter, or press ? or * to list all spells.
You can't see any susceptible monsters within range! (Use Z to cast anyway.) Unknown command.
HP[+1]
Casting: Sting (safe; 4% risk of failure)
Confirm with . or Enter, or press ? or * to list all spells.
You can't see any susceptible monsters within range! (Use Z to cast anyway.)
Aiming: Sting (safe; 4% risk of failure)
Press: ? - help, Q - select action, (/) - cycle Shift-Dir - straight line, f - you
Okay, then.
Casting: Sting (safe; 4% risk of failure)
Confirm with . or Enter, or press ? or * to list all spells.
Aiming: Sting (safe; 4% risk of failure)
Press: ? - help, Shift-Dir - straight line, f - Grinder
Aim: Grinder (68% to hit)
The sting misses Grinder.
MP[-1]
You lost 1 mp, and now have 6/7 mp.
Casting: Sting (safe; 4% risk of failure)
Confirm with . or Enter, or press ? or * to list all spells.
Aiming: Sting (safe; 4% risk of failure)
Press: ? - help, Shift-Dir - straight line, f/p - Grinder
Aim: Grinder (68% to hit)
The sting misses Grinder.
Grinder blinks!
MP[-1]
You lost 1 mp, and now have 5/7 mp.
Casting: Sting (safe; 4% risk of failure)
Confirm with . or Enter, or press ? or * to list all spells.
You can't see any susceptible monsters within range! (Use Z to cast anyway.)
Casting: Sting (safe; 4% risk of failure)
Confirm with . or Enter, or press ? or * to list all spells.
You can't see any susceptible monsters within range! (Use Z to cast anyway.)
Casting: Sting (safe; 4% risk of failure)
Confirm with . or Enter, or press ? or * to list all spells.
You can't see any susceptible monsters within range! (Use Z to cast anyway.) Unknown command.
Casting: Sting (safe; 4% risk of failure)
Confirm with . or Enter, or press ? or * to list all spells.
Aiming: Sting (safe; 4% risk of failure)
Press: ? - help, Shift-Dir - straight line, f/p - Grinder
Aim: Grinder (68% to hit)
The sting hits Grinder.
Grinder is poisoned.
MP[-1]
You lost 1 mp, and now have 4/7 mp.
Casting: Sting (safe; 4% risk of failure)
Confirm with . or Enter, or press ? or * to list all spells.
Aiming: Sting (safe; 4% risk of failure)
Press: ? - help, Shift-Dir - straight line, f/p - Grinder
Aim: Grinder (poisoned, 68% to hit)
The sting misses Grinder.
Grinder drinks a potion.
Grinder looks more healthy.
MP[-1]
You lost 1 mp, and now have 3/7 mp.
No previous command to re-do.
No previous command to re-do.
No previous command to re-do.
Casting: Sting (safe; 4% risk of failure)
Confirm with . or Enter, or press ? or * to list all spells.
Aiming: Sting (safe; 4% risk of failure)
Press: ? - help, Shift-Dir - straight line, f - Grinder
Aim: Grinder (68% to hit)
The sting hits Grinder.
Grinder partially resists.
Grinder is poisoned.
Grinder gestures at you.
You suddenly lose the ability to move!
Grinder gestures at you.
You shrug off the repeated paralysis!
Grinder hits you!
* * * LOW HITPOINT WARNING * * *
You writhe in agony.
* * * LOW HITPOINT WARNING * * *
Grinder hits you.
* * * LOW HITPOINT WARNING * * *
You can move again.
HP[-13]
You take 13 damage, and now have 7/27 hp.
MASSIVE DAMAGE!! (PAUSE)
Casting: Sting (safe; 4% risk of failure)
Confirm with . or Enter, or press ? or * to list all spells.
Aiming: Sting (safe; 4% risk of failure)
Press: ? - help, Shift-Dir - straight line, f/p - Grinder
Aim: Grinder (lightly wounded, poisoned, 68% to hit)
The sting hits Grinder but does no damage.
Grinder looks even sicker.
Grinder hits you.
* * * LOW HITPOINT WARNING * * *
HP[-6] MP[-1]
You take 6 damage, and now have 1/27 hp.
MASSIVE DAMAGE!! (PAUSE)
You lost 1 mp, and now have 2/7 mp.
Casting: Sting (safe; 4% risk of failure)
Confirm with . or Enter, or press ? or * to list all spells.
Aiming: Sting (safe; 4% risk of failure)
Press: ? - help, Shift-Dir - straight line, f/p - Grinder
Aim: Grinder (lightly wounded, very poisoned, 68% to hit)
The sting hits Grinder.
Grinder partially resists.
Grinder gestures at you. Pain shoots through your body!
You die...

Skill      XL: |  1  2  3 |
---------------+----------+-----
Stealth        | 3 4 |  4.8
Poison Magic   | 4 |  4.9
Dodging        | |  2.0
Spellcasting   | |  2.0
Transmutations | |  1.0

Action                   |  1- 3 |  4- 6 || total
-------------------------+-------+-------++-------
Melee: Dagger            |    46 |     6 ||    52
       Constrict         |    11 |       ||    11
       Tentacles         |     9 |     1 ||    10
       Punch             |     1 |       ||     1
 Cast: Sting             |    43 |    18 ||    61
  Use: Scroll            |     8 |       ||     8
 Stab: Sleeping          |     7 |       ||     7
Armor: Skin              |     4 |     1 ||     5
Dodge: Dodged            |    33 |     5 ||    38

Levels and vault maps discovered:
D:1:      dpeg_arrival_rooms_c, layout_basic, serial_forest,
          infiniplex_forest_join, infiniplex_forest_clump_small,
          infiniplex_forest_straight_2, infiniplex_forest_straight_4,
          infiniplex_forest_clump_small, serial_shops, shop, shop,
          nicolae_shop_statue_plus
D:2:      layout_loops_cross, hellmonk_ecumenical_altar_crossroads,
          minmay_lizard_king
D:3:      layout_rooms, kiku_gazebo_garden_becter, portal_sewer_entry_e,
          serial_bayou_crossing, uniq_grinder

Notes
Turn   | Place    | Note
-------+----------+-------------------------------------------
     0 | D:1      | zeratav the Octopode Venom Mage began the quest for the
                  | Orb.
     0 | D:1      | Reached XP level 1. HP: 11/11 MP: 3/3
     0 | D:1      | magus.rc [v1.9.6]
    36 | D:1      | You pick up a book of Minor Magic and begin reading...
    36 | D:1      | You add the spells Magic Dart and Call Imp to your library.
   191 | D:1      | You add the spells Vampiric Draining, Summon Lightning
                  | Spire and Maxwell's Capacitive Coupling to your library.
   191 | D:1      | Got the Compendium of the Vile Brume
   259 | D:1      | Reached skill level 3 in Stealth
   270 | D:1      | Reached XP level 2. HP: 12/17 MP: 1/5
   274 | D:1      | Reached skill level 4 in Poison Magic
   507 | D:1      | Found Weokac's Assorted Antiques.
   687 | D:1      | You pick up a book of the Spheres and begin reading...
   687 | D:1      | You add the spells Iskenderun's Battlesphere, Fireball,
                  | Conjure Ball Lightning and Orb of Destruction to your
                  | library.
   740 | D:1      | Found Dyasymec's Assorted Antiques.
   932 | D:1      | Reached XP level 3. HP: 13/21 MP: 0/6
  1055 | D:1      | Reached skill level 4 in Stealth
  1121 | D:1      | You pick up a book of Flames and begin reading...
  1121 | D:1      | You add the spells Foxfire, Conjure Flame, Inner Flame and
                  | Flame Wave to your library.
  1337 | D:1      | Found Hyel's Distillery.
  1341 | D:1      | Bought a potion of degeneration for 10 gold pieces
  1869 | D:2      | Learned a level 2 spell: Poisonous Vapours
  2312 | D:2      | Reached XP level 4. HP: 27/27 MP: 4/7
  2471 | D:2      | Found a faded altar of an unknown god.
  2589 | D:2      | You pick up a book of Burglary and begin reading...
  2589 | D:2      | You add the spells Passwall, Ensorcelled Hibernation and
                  | Swiftness to your library.
  2881 | D:3      | Noticed an ice beast
  2930 | D:3      | Noticed Grinder
  2942 | D:3      | Paralysed by Grinder for 3 turns
  2954 | D:3      | Paralysed by Grinder for 5 turns
  2959 | D:3      | HP: 1/27 [Grinder (6)]
  2960 | D:3      | Killed from afar by Grinder

Vanquished Creatures
  2 adders (D:2)
  A dart slug (D:2)
  7 endoplasms
  4 giant cockroaches (D:1)
  2 goblins
  2 hobgoblins
  8 jackals (D:1)
  3 quokkas
  4 bats
  6 frilled lizards
  3 kobolds
  2 rats
44 creatures vanquished.

Vanquished Creatures (collateral kills)
  A rat (D:2)
1 creature vanquished.

Vanquished Creatures (others)
  10 plants
10 creatures vanquished.

Grand Total: 55 creatures vanquished

Table legend:
 A = Non-vault XP
 B = Vault XP
 C = Vault XP percentage of total XP
 D = Non-vault monster count
 E = Vault monster count
 F = Vault count percentage of total count
                 A         B        C        D         E       F
            +---------+---------+-------+---------+---------+-------
      Total |      96 |       5 |   5.0 |      40 |       5 |  11.1
            +---------+---------+-------+---------+---------+-------
        D:1 |      50 |       0 |   0.0 |      28 |       0 |   0.0
        D:2 |      44 |       5 |  10.2 |      11 |       5 |  31.2
        D:3 |       2 |       0 |   0.0 |       1 |       0 |   0.0
            +---------+---------+-------+---------+---------+-------

Illustrated notes

Table legend:
 A = Kills in this place as a percentage of kills in entire the game.
 B = Kills by you in this place as a percentage of kills by you in the entire game.
 C = Kills by friends in this place as a percentage of kills by friends in the entire game.
 D = Other kills in this place as a percentage of other kills in the entire game.
 E = Experience gained in this place as a percentage of experience gained in the entire game.
 F = Experience gained in this place divided by the number of levels of this place that you have seen.
                   A       B       C       D       E      F
               +-------+-------+-------+-------+-------+----------------------
         Total | 100.0 | 100.0 | 100.0 |   N/A | 100.0 |  33.7
       Dungeon | 100.0 | 100.0 | 100.0 |   N/A | 100.0 |  33.7
               +-------+-------+-------+-------+-------+----------------------

Table legend: (Time is in decaauts)
 A = Elapsed time spent in this place.
 B = Non-inter-level travel time spent in this place.
 C = Inter-level travel time spent in this place.
 D = Time resting spent in this place.
 E = Time spent auto-exploring this place.
 F = Levels seen in this place.
 G = Mean time per level.
                   A        B        C        D        E       F      G
               +--------+--------+--------+--------+--------+-----+--------+
         Total |   2959 |   2872 |     87 |    199 |   2301 |   3 |  986.3 |
       Dungeon |   2959 |   2872 |     87 |    199 |   2301 |   3 |  986.3 |
               +--------+--------+--------+--------+--------+-----+--------+

Top non-repeatable levels by time:
     D:1: 1710 daAuts
     D:2: 1154 daAuts
     D:3: 93 daAuts
